 Dungeon Crawl Stone Soup version 0.23.1 (webtiles) character file.

Game seed: 17225619151222133587

275 Irenicus the Chopper (level 6, -1/55 HPs)
             Began as a Deep Dwarf Monk on Mar 12, 2019.
             Killed from afar by Dowan (6 damage)
             ... with a stone arrow
             ... on level 4 of the Dungeon.
             The game lasted 00:09:32 (1814 turns).

Irenicus the Chopper (Deep Dwarf Monk)              Turns: 1814, Time: 00:09:32

Health: -1/55      AC:  5    Str: 15    XL:     6   Next: 3%
Magic:  6/6        EV: 13    Int: 10    God:
Gold:   177        SH:  0    Dex: 17    Spells: 5/5 levels left

rFire    + . .     SeeInvis .   a - +0 hand axe
rCold    + . .     Gourm    .   (no shield)
rNeg     . . .     Faith    .   p - +0 leather armour
rPois    +         Spirit   .   j - +0 helmet
rElec    +         Reflect  .   (no cloak)
rCorr    +         Harm     .   d - +0 pair of gloves
MR       .....                  (no boots)
Stlth    ++........             (no amulet)
HPRegen  0.00/turn              e - ring of wizardry {Wiz+, !d}
MPRegen  0.10/turn              (no ring)

@: resistant, berserk cooldown, non-regenerating, slowed, very slow
A: damage resistance, heal wounds, sense surroundings 1, no regeneration
a: Heal Wounds


You were on level 4 of the Dungeon.
You were very hungry.

You visited 1 branch of the dungeon, and saw 5 of its levels.

You collected 177 gold pieces.

Inventory:

Hand Weapons
 a - a +0 hand axe (weapon)
Armour
 d - a +0 pair of gloves (worn)
   (You found it on level 1 of the Dungeon)
 j - a +0 helmet (worn)
   (You found it on level 1 of the Dungeon)
 p - a +0 leather armour (worn)
   (You found it on level 3 of the Dungeon)
 t - a +0 pair of boots
   (You found it on level 5 of the Dungeon)
Jewellery
 e - a ring of wizardry (left hand) {Wiz+, !d}
   (You found it on level 1 of the Dungeon)
 s - an uncursed ring of wizardry {Wiz+, !d}
   (You found it on level 4 of the Dungeon)
Scrolls
 g - 2 scrolls of enchant armour {unknown}
 h - 2 scrolls of remove curse
 i - 2 scrolls of identify {unknown}
 m - a scroll of enchant weapon {unknown}
 o - 3 scrolls of teleportation {unknown}
 q - a scroll of noise {unknown}
 r - a scroll of amnesia {unknown}
Potions
 b - a potion of agility {unknown}
 f - 2 potions of berserk rage {!q}
 k - a potion of curing {unknown}
Comestibles
 c - 4 rations


   Skills:
 - Level 2.6 Fighting
 + Level 7.5 Axes
 - Level 3.2 Dodging
 - Level 2.4 Stealth


You had 5 spell levels left.
You didn't know any spells.
Your spell library was empty.

Dungeon Overview and Level Annotations

Branches:
Dungeon (5/15)
 Temple: D:4-7

Altars:
Qazlal
Uskayaw

Annotations:
D:4 Dowan


Innate Abilities, Weirdness & Mutations

You are resistant to damage.
You can heal yourself by infusing magical energy.
You passively map a small area around you.
You do not regenerate.


Message History

Dowan shouts!
(D) Dungeon
Where to? (? - help)
Okay, then.
You aren't carrying any items that you can evoke.
You hit Duvessa. Duvessa misses you.
You barely miss Duvessa. Duvessa hits you but does no damage.
You barely miss Duvessa. Duvessa hits you with a +0 short sword.
You take 5 damage, and have 18/46 hp.
You feel much better. Duvessa hits you with a +0 short sword!
You regained 15 hp, and now have 33/46 hp.
It was a potion of resistance.
You feel protected. Duvessa hits you with a +0 short sword!
Dowan gestures at Duvessa while chanting.
Duvessa seems to speed up.
You take 8 damage, and have 25/46 hp.
You hit Duvessa. Duvessa closely misses you.
Dowan mumbles some strange words.
Dowan blinks!
Duvessa hits you with a +0 short sword!
You take 6 damage, and have 19/46 hp.
You closely miss Duvessa. Duvessa hits you with a +0 short sword.
You take 2 damage, and have 17/46 hp.
You barely miss Duvessa. Duvessa hits you but does no damage.
Duvessa closely misses you.
It was a potion of berserk rage.
A red film seems to cover your vision as you go berserk!
You feel yourself moving faster!
You feel mighty! Duvessa hits you but does no damage.
You now have 26/69 hp.
You hit Duvessa. Duvessa barely misses you.
You slash Duvessa! Duvessa hits you but does no damage.
You completely miss Duvessa.
You are feeling very hungry.
Duvessa hits you with a +0 short sword.
Dowan gestures wildly while chanting.
Dowan blinks!
You take 3 damage, and have 23/69 hp.
You slash Duvessa! Duvessa closely misses you.
You slash Duvessa!
You kill Duvessa!
Dowan's eyes darken. "You have made a black mistake."
Dowan seems to find hidden reserves of power!
Your Axes skill increases to level 7!
You hit Dowan. You barely miss the worker ant.
Dowan mumbles some strange words.
Dowan blinks!
The worker ant bites you but does no damage.
You slash the worker ant! You barely miss the worker ant.
The worker ant barely misses you.
Dowan says, "Magic will overcome all!"
You slash the worker ant!
You kill the worker ant!
You have reached level 6!
Your experience leads to an increase in your attributes!
Your base attributes are Str 15, Int 10, Dex 16.
Increase (S)trength, (I)ntelligence, or (D)exterity?
You feel agile.
You regained 4 hp, and now have 27/82 hp.
MP restored: 6 You closely miss Dowan.
Dowan barely misses you.
You slash Dowan! You slash Dowan!
Dowan mumbles some strange words.
Dowan blinks!
You are no longer berserk.
You are exhausted.
You feel yourself slow down.
You now have 18/55 hp.
Dowan hits you but does no damage.
Things that are here:
a +0 short sword; a +0 leather armour You barely miss Dowan.
Dowan closely misses you. Dowan hits you but does no damage.
You barely miss Dowan. Dowan hits you but does no damage. x2
You hit Dowan.
Dowan gestures wildly while chanting.
Dowan blinks!
Dowan hits you with a +1 dagger of freezing.
* * * LOW HITPOINT WARNING * * *
Dowan freezes you.
You take 2 damage, and have 16/55 hp.
You closely miss Dowan. Dowan gestures at you while chanting.
The stone arrow hits you!
* * * LOW HITPOINT WARNING * * *
Dowan barely misses you.
You take 9 damage, and have 7/55 hp.
You hit Dowan but do no damage. Dowan hits you but does no damage.
Dowan barely misses you.
You miss Dowan. Dowan closely misses you.
Dowan shakes with grief.
Dowan hits you with a +1 dagger of freezing.
* * * LOW HITPOINT WARNING * * *
You take 2 damage, and have 5/55 hp.
Okay, then.
You fail to use your ability.
Dowan barely misses you.
Dowan points at you and mumbles some strange words.
The stone arrow hits you!
You die...

, #.##### *, ### #.# , , ..#
#####.#### .##.###.# #........#
#+## ........# #.###.##.# ...##
* *#.# ##.###.# # ....## #.#
#[.....# * .....## , #)#
#....### , ......#
..$###@######....### , ......+
.......e..............,
......#**........######........
.....# ##...#.## ###.#####
....## ##.###,* * .#* ...##
#....#* ,,.., #'## ## #.# * *
.## #.# *..a* * #.# #.#* * ,


You could see Dowan.

Vanquished Creatures
  Duvessa (D:4)
  A hound (D:5)
  A bullfrog skeleton (D:4)
  A worker ant (D:4)
  4 adders
  A worm (D:4)
  2 dart slugs
  3 leopard geckos
  4 bats
  2 giant cockroaches
  3 goblins
  3 hobgoblins
  5 jackals
  7 kobolds
  4 frilled lizards
  A quokka skeleton (D:4)
  7 rats
50 creatures vanquished.

Notes
Turn   | Place    | Note
-------+----------+-------------------------------------------
     0 | D:1      | Irenicus the Deep Dwarf Monk began the quest for the Orb.
     0 | D:1      | Reached XP level 1. HP: 20/20 MP: 1/1
   263 | D:1      | Reached XP level 2. HP: 27/27 MP: 2/2
   272 | D:1      | Reached skill level 4 in Axes
   661 | D:2      | Reached XP level 3. HP: 24/33 MP: 3/3
   757 | D:2      | Reached skill level 5 in Axes
   983 | D:3      | Found a stormy altar of Qazlal.
  1170 | D:3      | Found a hide-covered altar of Uskayaw.
  1205 | D:3      | Noticed a +0 dagger
  1220 | D:3      | Noticed a +0 hand axe
  1423 | D:4      | Reached XP level 4. HP: 17/40 MP: 4/4
  1575 | D:4      | Reached skill level 6 in Axes
  1658 | D:4      | You fall through a shaft!
  1658 | D:5      | Entered Level 5 of the Dungeon
  1720 | D:5      | Reached XP level 5. HP: 23/46 MP: 5/5
  1777 | D:4      | Noticed Duvessa
  1777 | D:4      | Noticed Dowan
  1796 | D:4      | Killed Duvessa
  1796 | D:4      | Reached skill level 7 in Axes
  1801 | D:4      | Reached XP level 6. HP: 27/55 MP: 6/6
  1811 | D:4      | HP: 7/55 [Dowan/stone arrow (9)]
  1814 | D:4      | Killed from afar by Dowan

Skill      XL: |  1  2  3  4  5 |
---------------+----------------+-----
Axes           | 4 5 6 7 |  7.5
Fighting       | |  2.6
Dodging        | |  3.2
Stealth        | |  2.4

Action                   |  1- 3 |  4- 6 || total
-------------------------+-------+-------++-------
Melee: Hand axe          |   121 |    65 ||   186
  Use: Scroll            |     2 |       ||     2
       Potion            |       |     4 ||     4
 Stab: Sleeping          |     8 |     1 ||     9
  Eat: Chunk             |     1 |     1 ||     2
Armor: Robe              |    31 |       ||    31
       Leather armour    |     5 |    15 ||    20
Dodge: Dodged            |    74 |    38 ||   112

Levels and vault maps discovered:
D:1:      dpeg_arrival_signposts, layout_basic, serial_bayou_crossing
D:2:      layout_basic, minmay_heptomino_o4
D:3:      layout_basic, dancing_weapons_uskayaw, grunt_qazlal_sundering
D:4:      layout_loops_corners, first_ration, uniq_duvessa
D:5:      lemuel_ice_spiral_2, layout_rooms, grunt_dithmenos_smoke_and_mirrors

Table legend:
 A = Turns spent in this place as a percentage of turns spent in the entire game.
 B = Non-inter-level travel turns spent in this place as a percentage of non-inter-level travel turns spent in the entire game.
 C = Inter-level travel turns spent in this place as a percentage of turns spent in this place.
 D = Turns resting spent in this place as a percentage of non-inter-level travel turns spent in this place.
 E = Turns spent auto-exploring this place as a percentage of non-inter-level travel turns spent in this place.
 F = Non-inter-level travel turns spent in this place divided by the number of levels of this place that you've seen.
                   A       B       C       D       E      F
               +-------+-------+-------+-------+-------+----------------------
         Total | 100.0 | 100.0 |   0.0 |   0.0 |   0.0 | 362.8
       Dungeon | 100.0 | 100.0 |   0.0 |   0.0 |   0.0 | 362.8
               +-------+-------+-------+-------+-------+----------------------

Table legend:
 A = Kills in this place as a percentage of kills in entire the game.
 B = Kills by you in this place as a percentage of kills by you in the entire game.
 C = Kills by friends in this place as a percentage of kills by friends in the entire game.
 D = Other kills in this place as a percentage of other kills in the entire game.
 E = Experience gained in this place as a percentage of experience gained in the entire game.
 F = Experience gained in this place divided by the number of levels of this place that you have seen.
                   A       B       C       D       E      F
               +-------+-------+-------+-------+-------+----------------------
         Total | 100.0 | 100.0 |   N/A |   N/A | 100.0 |  78.6
       Dungeon | 100.0 | 100.0 |   N/A |   N/A | 100.0 |  78.6
               +-------+-------+-------+-------+-------+----------------------
